 Dungeon Crawl Stone Soup version 0.18.1-50-g88ac8fd (webtiles) character file.

9659 magog001 the Blocker (level 11, -2/69 HPs)
             Began as a Gargoyle Fighter on Oct 1, 2018.
             Was an Elder of Nemelex Xobeh.
             Slain by a frost giant
             ... wielding a +0 battleaxe of freezing
              (19 damage)
             ... on level 11 of the Dungeon.
             The game lasted 00:53:30 (10119 turns).

magog001 the Blocker (Gargoyle Fighter)            Turns: 10119, Time: 00:53:31

Health: -2/69      AC: 27    Str: 23    XL:     11   Next: 49%
Magic:  11/11      EV:  9    Int: 12    God:    Nemelex Xobeh [****..]
Gold:   196        SH: 12    Dex:  9    Spells: 0 memorised, 10 levels left

rFire  . . .     SeeInvis .     r - +4 flail (freeze)
rCold  . . .     Gourm    .     l - +5 scale mail {rN+}
rNeg   + + .     Faith    .     c - +0 shield
rPois  ∞         Spirit   .     q - +2 helmet
rElec  +         Dismiss  .     I - +0 cloak
rCorr  .         Reflect  .     (no gloves)
SustAt .         Harm     .     n - +0 pair of boots
MR     .....                    (no amulet)
Stlth  ..........               (no ring)
                                o - +3 ring of intelligence

@: not resistant to hostile enchantments, extremely unstealthy
A: talons 1, negative energy resistance 1, electricity resistance, unbreathing,
petrification resistance, rot immunity, AC +7
a: Triple Draw, Deal Four, Renounce Religion


You were on level 11 of the Dungeon.
You worshipped Nemelex Xobeh.
Nemelex Xobeh was greatly pleased with you.
You were not hungry.

You visited 1 branch of the dungeon, and saw 11 of its levels.

You collected 625 gold pieces.
You spent 429 gold pieces at shops.

Inventory:

Hand Weapons
 m - a +0 hunting sling
 r - a +4 flail of freezing (weapon)
Missiles
 u - 2 silver javelins (quivered)
 v - 13 sling bullets
 Y - 4 tomahawks of returning
Armour
 c - a +0 shield (worn)
 l - a +5 scale mail of positive energy (worn)
 n - a +0 pair of boots (worn)
 q - a +2 helmet (worn)
 I - a +0 cloak (worn)
Jewellery
 o - a +3 ring of intelligence (left hand)
Wands
 g - a wand of confusion (26/48)
 k - a wand of paralysis (11/24)
 p - a wand of iceblast (15/15)
 D - a wand of slowing (29/48)
 X - a wand of flame (29/48)
Scrolls
 b - 5 scrolls of recharging
 h - a scroll of blinking
 i - 4 scrolls of teleportation
 s - a scroll of magic mapping
 w - 5 scrolls of identify
 y - 4 scrolls of remove curse
 M - 2 scrolls of amnesia {unknown}
 U - a scroll of immolation {unknown}
 V - a scroll of holy word {unknown}
Potions
 a - a potion of haste
 d - 6 potions of might
 e - 3 potions of flight
 j - 2 potions of lignification
 t - a potion of agility
 C - a potion of heal wounds
 F - a potion of curing
 K - a potion of cure mutation
Miscellaneous
 x - an ornate deck of destruction {drawn: 3}
 z - a plain deck of war
 A - a plain deck of changes {drawn: 2}
 B - a plain deck of destruction
 E - a plain deck of war
 G - a plain deck of escape
 H - a plain deck of escape
 N - an ornate deck of destruction
 P - a lamp of fire
 Q - an ornate deck of defence
 R - an ornate deck of war
Comestibles
 f - 8 bread rations
 J - 16 chunks of flesh
 S - 3 fruits
 T - 4 royal jellies


   Skills:
 * Level 8.6 Fighting
 * Level 9.6 Maces & Flails
 * Level 9.1 Armour
 - Level 0.1 Dodging
 * Level 12.1 Shields


You had 10 spell levels left.
You didn't know any spells.

Dungeon Overview and Level Annotations

Branches:
Dungeon (11/15)            Temple (0/1) D:7            Lair (0/8) D:8
    Orc (0/2) D:9

Altars:
Dithmenos
Elyvilon
Fedhas
Nemelex Xobeh
Ru
Yredelemnul
Zin

Shops:
D:5 }   D:7 }


Innate Abilities, Weirdness & Mutations

You are resistant to torment.
Your stone body is resilient (AC +7).
You are immune to poison.
You resist negative energy.
You are resistant to electric shocks.
You can survive without breathing.
You are immune to petrification.
You are immune to rotting.
You have sharp toenails.


Message History

There is an open door, spattered with blood here.
Things that are here:
a glowing shortbow; 28 arrows You open the door.
There is an open door here.
You start resting.
HP restored.
You open the door. 2 yaktaur captains, a deep troll and a frost giant come into view.
The deep troll shouts!
The yaktaur captain shouts! x2; The frost giant shouts!
The yaktaur captain wields an arbalest.
The yaktaur captain shoots a bolt.
The bolt closely misses you.
The deep troll moves out of view.
The frost giant gestures at you while chanting.
The bolt of cold hits you! The frost giant casts a spell at you.
The bolt of cold hits you!
* * * LOW HITPOINT WARNING * * *
The frost giant hits you with a battleaxe of freezing!!
You die...
Your body disappears without a glow.

#.................##............
#......##########....###########
#...#..# .......#....#..........
#...#..# #+####.'....#..........
#......# #....#.#....#..........
#......# #....#.#....#..........
#......# #.c..#.#....###########
#......# Tc.#.#.......#
#......'.####'#@#.......#
#......#.....TC.#....##.#
#......##########..... .#
#........... ...####. .
#.##..+..... .... .# .
#.##..#..... ..... # .+
#.....#..... .... #.....####+###
#............#


You could see a frost giant and a deep troll.

Vanquished Creatures
  2 unseen horrors
  A gargoyle (D:11)
  A kobold demonologist (D:11)
  2 trolls
  A wyvern (D:10)
  3 hippogriffs
  3 hungry ghosts
  Duvessa (D:6)
  2 hell hounds (D:8)
  2 orc warriors (D:8)
  A black bear (D:9)
  4 ice beasts
  3 sky beasts
  A necrophage (D:8)
  The ghost of magog001 the Covered, an amateur MiFi (D:4)
  2 phantoms (D:9)
  7 ogres
  15 centaurs
  3 big kobolds
  A gnoll sergeant (D:9)
  4 giant frogs
  Dowan (D:6)
  7 scorpions
  6 killer bees (D:7)
  5 wights (D:4)
  3 crimson imps
  3 spriggan skeletons (D:9)
  A howler monkey (D:5)
  A quasit (D:5)
  2 giant frog zombies
  5 hounds
  2 jellies (D:7)
  Crazy Yiuf (D:7)
  2 orc priests
  3 centaur skeletons (D:9)
  Ijyb (D:4)
  Terence (D:2)
  A giant frog skeleton (D:5)
  6 iguanas
  9 orc wizards
  11 worker ants
  A killer bee zombie (D:7)
  A hound zombie (D:8)
  A hound skeleton (D:7)
  Robin (D:2)
  17 gnolls
  A howler monkey zombie (D:6)
  A worker ant zombie (D:8)
  9 adders
  A shadow imp (D:5)
  An adder skeleton (D:10)
  7 worms
  5 dart slugs
  3 giant geckos
  18 orcs
  7 bats
  5 giant cockroaches
  10 hobgoblins
  27 jackals
  18 kobolds
  3 quokkas
  A ball python (D:3)
  5 giant newts
  14 goblins
  6 rats
  A fungus (D:7)
295 creatures vanquished.

Notes
Turn   | Place    | Note
--------------------------------------------------------------
     0 | D:1      | magog001 the Gargoyle Fighter began the quest for the Orb.
     0 | D:1      | Reached XP level 1. HP: 14/14 MP: 1/1
    25 | D:1      | Reached XP level 2. HP: 11/19 MP: 2/2
   482 | D:2      | Reached XP level 3. HP: 23/23 MP: 3/3
   621 | D:2      | Noticed Terence
   653 | D:2      | Killed Terence
   653 | D:2      | Reached skill level 4 in Shields
   653 | D:2      | Reached XP level 4. HP: 22/28 MP: 4/4
   708 | D:2      | Noticed Robin
   776 | D:2      | Killed Robin
   912 | D:2      | Found a faded altar to an unknown god.
  1196 | D:3      | Reached XP level 5. HP: 33/33 MP: 5/5
  1369 | D:3      | Found a white marble altar of Elyvilon.
  1569 | D:3      | Reached skill level 5 in Shields
  1627 | D:3      | Reached XP level 6. HP: 38/38 MP: 6/6
  2068 | D:3      | Found a sacrificial altar of Ru.
  2636 | D:4      | Reached XP level 7. HP: 43/43 MP: 7/7
  2710 | D:4      | Reached skill level 6 in Shields
  2719 | D:4      | Reached skill level 5 in Armour
  2857 | D:4      | Noticed magog001's ghost (amateur MiFi)
  2858 | D:4      | Noticed Ijyb
  2889 | D:4      | Killed magog001's ghost
  2911 | D:4      | Killed Ijyb
  3238 | D:5      | Entered Level 5 of the Dungeon
  3246 | D:5      | Found a basalt altar of Yredelemnul.
  3264 | D:5      | Reached skill level 7 in Shields
  3271 | D:5      | Reached XP level 8. HP: 41/48 MP: 8/8
  3291 | D:5      | Found a sparkling altar of Nemelex Xobeh.
  3300 | D:5      | Became a worshipper of Nemelex Xobeh the Trickster
  3340 | D:5      | Reached skill level 5 in Maces & Flails
  3355 | D:5      | Received a gift from Nemelex Xobeh
  3425 | D:5      | Reached skill level 5 in Fighting
  3759 | D:5      | Found Yjitt's Gadget Boutique.
  3763 | D:5      | Bought a wand of iceblast (9/15) for 169 gold pieces
  4084 | D:5      | Reached * piety under Nemelex Xobeh
  4118 | D:5      | Reached skill level 8 in Shields
  4380 | D:5      | Received a gift from Nemelex Xobeh
  4553 | D:6      | Noticed Duvessa
  4558 | D:6      | Noticed Dowan
  4559 | D:6      | Killed Duvessa
  4559 | D:6      | Reached XP level 9. HP: 51/54 MP: 9/9
  4588 | D:6      | Killed Dowan
  4795 | D:6      | Received a gift from Nemelex Xobeh
  4886 | D:6      | Reached ** piety under Nemelex Xobeh
  4905 | D:6      | Found a glowing silver altar of Zin.
  4905 | D:6      | Noticed an angel
  5136 | D:7      | Found a shadowy altar of Dithmenos.
  5156 | D:7      | Reached skill level 9 in Shields
  5179 | D:7      | Found a staircase to the Ecumenical Temple.
  5553 | D:7      | Noticed Crazy Yiuf
  5556 | D:7      | Killed Crazy Yiuf
  5650 | D:7      | Found Iryopt's Gadget Boutique.
  5874 | D:7      | Reached skill level 10 in Shields
  6099 | D:8      | Received a gift from Nemelex Xobeh
  6151 | D:8      | Reached XP level 10. HP: 58/61 MP: 10/10
  6154 | D:8      | Found a staircase to the Lair.
  6649 | D:8      | Received a gift from Nemelex Xobeh
  6872 | D:9      | Reached *** piety under Nemelex Xobeh
  7275 | D:7      | Bought an ornate deck of defence for 260 gold pieces
  7690 | D:9      | Reached skill level 11 in Shields
  7922 | D:9      | Found a blossoming altar of Fedhas.
  7923 | D:9      | Received a gift from Nemelex Xobeh
  7948 | D:9      | Found a staircase to the Orcish Mines.
  8304 | D:10     | Entered Level 10 of the Dungeon
  8515 | D:10     | Killed an unseen horror
  8515 | D:10     | Reached XP level 11. HP: 66/68 MP: 11/11
  9004 | D:10     | Received a gift from Nemelex Xobeh
  9144 | D:10     | Reached **** piety under Nemelex Xobeh
  9180 | D:10     | Gained mutation: You have sharp toenails. [potion of beneficial mutation]
  9469 | D:11     | Received a gift from Nemelex Xobeh
  9615 | D:11     | Killed an unseen horror
  9744 | D:11     | Reached skill level 12 in Shields
 10113 | D:11     | Noticed a deep troll
 10113 | D:11     | Noticed a yaktaur captain
 10113 | D:11     | Noticed a yaktaur captain
 10113 | D:11     | Noticed a frost giant
 10119 | D:11     | Slain by a frost giant

Skill      XL: |  1  2  3  4  5  6  7  8  9 10 11 |
---------------+----------------------------------+-----
Armour         | 4 5 6 7 8 9 |  9.1
Shields        | 4 5 7 8 10 11 12 | 12.1
Maces & Flails | 3 4 6 7 8 9 |  9.6
Fighting       | 4 5 6 8 |  8.6
Dodging        | |  0.1

Action                   |  1- 3 |  4- 6 |  7- 9 | 10-12 || total
-------------------------+-------+-------+-------+-------++-------
Melee: Flail             |   106 |   323 |   446 |   563 ||  1438
Evoke: Deck              |       |       |     2 |     3 ||     5
  Use: Scroll            |       |       |    13 |     3 ||    16
       Potion            |       |       |     6 |     7 ||    13
  Eat: Chunk             |       |     5 |     8 |     7 ||    20
       Beef jerky        |       |     1 |       |     1 ||     2
       Bread ration      |       |       |     1 |     2 ||     3
       Meat ration       |       |       |     1 |     2 ||     3
       Pizza             |       |       |     1 |       ||     1
Armor: Scale mail        |    73 |   210 |   306 |   349 ||   938
       Chain mail        |    13 |       |       |       ||    13
       Skin              |       |       |       |     9 ||     9
Dodge: Dodged            |    47 |   113 |   146 |   175 ||   481
Block: Shield            |    75 |   222 |   282 |   411 ||   990
